 Dungeon Sprint DCSS version 0.14-a0-2542-g51e44bb (webtiles) character file.

2308 Kae the Unseen (level 8, -2/36 HPs)
             Began as a Spriggan Enchanter on Feb 10, 2014.
             Slain by a centaur warrior (15 damage)
             ... in the Dungeon (Sprint I: "Red Sonja").
             The game lasted 00:02:59 (1381 turns).

Kae the Unseen (Spriggan Enchanter)                 Turns: 1381, Time: 00:02:59

HP  -2/36        AC  3     Str  6      XL: 8   Next: 61%
MP  22/28        EV 18     Int 16      God:
Gold 724         SH  0     Dex 17      Spells:  3 memorised, 19 levels left

rFire  . . .     SeeInvis +     m - +0 dagger (venom)
rCold  . . .     Clarity  .     b - +1 robe
rNeg   . . .     Conserve .     (shield restricted)
rPois  .         rCorr    .     (helmet restricted)
rElec  .         rRot     .     (no cloak)
SustAb . .       Spirit   .     (gloves unavailable)
rMut   .         Warding  .     (boots unavailable)
Saprov . . .     NoTele   +     (no amulet)
MR     +....                    (no ring)
                                (no ring)

@: very quick, somewhat resistant to hostile enchantments, extraordinarily
stealthy
A: unfitting armour, see invisible, herbivore 3, speed 3, slow metabolism 2
a: no special abilities


You were in the Dungeon.
You were not hungry.

You visited 1 branch You collected 724 gold pieces.

Inventory:

Hand weapons
 a - a +1,+0 dagger
 m - a +0,+0 dagger of venom (weapon)
Missiles
 d - 8 darts (quivered)
Armour
 b - a +1 robe (worn)
Magical devices
 j - a wand of enslavement (12)
 o - a wand of confusion (10)
Scrolls
 k - a scroll of blinking
 p - 3 scrolls of remove curse {unknown}
Potions
 e - a potion of porridge
 f - 3 potions of curing
 g - a potion of heal wounds
 h - a potion of speed
 i - a potion of magic
 l - a potion of berserk rage
 n - a potion of might {unknown}
Books
 c - a book of Maledictions

   Spells                             Type                      Level
   *Corona                            Hexes                        1
   Sure Blade                         Hexes/Charms                 2
   *Ensorcelled Hibernation           Hexes/Ice                    2
   *Confuse                           Hexes                        3
   Enslavement                        Hexes                        4
   Invisibility                       Hexes                        6


   Skills:
 * Level 12.3 Short Blades
 - Level 1.1 Throwing
 + Level 3.0 Dodging
 * Level 16.6 Stealth
 + Level 9.4 Spellcasting
 + Level 9.8 Hexes


You had 19 spell levels left.
You knew the following spells:

 Your Spells              Type           Power        Failure   Level  Hunger
a - Corona                Hex            #####..      1%          1    None
b - Ensorcelled Hibernat  Hex/Ice        ###...       1%          2    None
c - Confuse               Hex            #####...     1%          3    #......


Dungeon Overview and Level Annotations

Branches:
Dungeon (1/1)

Altars:
Cheibriados
Elyvilon
Kikubaaqudgha
Okawaru
Sif Muna
Yredelemnul
Zin
The Shining One

Shops:
D :[[


Innate Abilities, Weirdness & Mutations

You are tiny and cannot use many weapons and most armour.
You have supernaturally acute eyesight.
You are a herbivore.
You cover ground extremely quickly.
You need consume almost no food.


Message History

Confirm with . or Enter, or press ? or * to list all spells.
Aiming: Ensorcelled Hibernation
Press: ? - help, Shift-Dir - straight line, f - centaur warrior
Aim: a centaur warrior The centaur warrior easily resists.
The centaur warrior hits you. The centaur warrior closely misses you.
Casting: Ensorcelled Hibernation
Confirm with . or Enter, or press ? or * to list all spells.
Aiming: Ensorcelled Hibernation
Press: ? - help, Shift-Dir - straight line, f/p - centaur warrior
Aim: a centaur warrior (purple smoke)
The centaur warrior easily resists.
The centaur warrior misses you. The centaur warrior hits you!
The centaur warrior barely misses you.
Casting: Ensorcelled Hibernation
Confirm with . or Enter, or press ? or * to list all spells.
Aiming: Ensorcelled Hibernation
Press: ? - help, Shift-Dir - straight line, f/p - centaur warrior
Aim: a centaur warrior (purple smoke)
The centaur warrior looks drowsy...
The centaur warrior hits you!
You die...

################
#..'..#.)'..#__#
'[.#.)'..#..'..+
#####'#####'#__####
####..#...#.####§§#
#_.####..##[#§§§§c#
#.....##'#..+≈§§@§+
#_.∩...'..._#§§§.c#
#.....##_.#+##§####
#_._._###'# #§.((###
#########.####'###.##
.......'...'..%..'(∩#
++++####.).##########
###.### #.#'#.#


You could see 2 centaur warriors.

Vanquished Creatures
  A deep troll (D)
  A giant amoeba (D)
  Sonja (D)
  An elephant slug (D)
  An ogre (D)
  Sigmund (D)
  A jelly (D)
  Ijyb (D)
  A giant spore (D)
  3 ballistomycetes (D)
12 creatures vanquished.

Vanquished Creatures (others)
  A gargoyle (D)
  A giant spore (D)
2 creatures vanquished.

Grand Total: 14 creatures vanquished

Notes
Turn   | Place    | Note
--------------------------------------------------------------
     0 | D        | Kae, the Spriggan Enchanter, began the quest for the Orb.
     0 | D        | Reached XP level 1. HP: 9/9 MP: 4/4
     1 | D        | Noticed Ijyb
    10 | D        | Killed Ijyb
    10 | D        | Reached skill level 4 in Short Blades
    10 | D        | Reached skill level 6 in Stealth
    10 | D        | Reached XP level 2. HP: 13/13 MP: 5/7
    54 | D        | Learned a level 2 spell: Ensorcelled Hibernation
    55 | D        | Noticed an ogre
    57 | D        | Killed an ogre
    57 | D        | Reached skill level 9 in Stealth
    57 | D        | Reached skill level 5 in Hexes
    57 | D        | Reached XP level 3. HP: 16/16 MP: 8/12
    57 | D        | Reached XP level 4. HP: 21/21 MP: 10/15
    66 | D        | Noticed Sigmund
    77 | D        | Killed Sigmund
    77 | D        | Reached skill level 10 in Stealth
    77 | D        | Reached skill level 5 in Spellcasting
    77 | D        | Reached XP level 5. HP: 22/24 MP: 14/19
   285 | D        | Found a white marble altar of Elyvilon.
   286 | D        | Noticed a jelly
   287 | D        | Found a snail-covered altar of Cheibriados.
   291 | D        | Killed a jelly
   291 | D        | Reached skill level 11 in Stealth
   301 | D        | Learned a level 3 spell: Confuse
   301 | D        | Found an ancient bone altar of Kikubaaqudgha.
   301 | D        | Found a deep blue altar of Sif Muna.
   301 | D        | Noticed a giant amoeba
   302 | D        | Found an iron altar of Okawaru.
   302 | D        | Found an ancient bone altar of Kikubaaqudgha.
   320 | D        | Killed a giant amoeba
   320 | D        | Reached skill level 10 in Short Blades
   320 | D        | Reached skill level 14 in Stealth
   320 | D        | Reached XP level 6. HP: 2/28 MP: 10/24
   320 | D        | Reached XP level 7. HP: 2/32 MP: 10/25
   638 | D        | Found Micu's Armour Emporium.
   638 | D        | Found a deep blue altar of Sif Muna.
   638 | D        | Found a basalt altar of Yredelemnul.
   638 | D        | Found an ancient bone altar of Kikubaaqudgha.
   638 | D        | Noticed an elephant slug
   639 | D        | Found a glowing silver altar of Zin.
   841 | D        | Killed a gargoyle
  1100 | D        | Killed an elephant slug
  1209 | D        | Found a glowing golden altar of the Shining One.
  1218 | D        | Noticed Sonja
  1222 | D        | Killed Sonja
  1222 | D        | Reached skill level 15 in Stealth
  1222 | D        | Reached XP level 8. HP: 36/36 MP: 27/27
  1239 | D        | Found Lihyuxtu's Book Boutique.
  1344 | D        | Noticed a deep troll
  1348 | D        | Killed a deep troll
  1348 | D        | Reached skill level 16 in Stealth
  1358 | D        | Found Kluigae's Armour Emporium.
  1375 | D        | Noticed a centaur warrior
  1377 | D        | Noticed a centaur warrior
  1381 | D        | Slain by a centaur warrior

Action                   |  1- 3 |  4- 6 |  7- 9 || total
-------------------------+-------+-------+-------++-------
Melee: Dagger            |     7 |     5 |    70 ||    82
Throw: Dart              |       |       |    13 ||    13
 Cast: Corona            |     1 |       |     1 ||     2
       Ensorcelled Hiber |       |    10 |    16 ||    26
       Confuse           |       |       |    17 ||    17
Evoke: Wand              |       |       |     2 ||     2
  Use: Potion            |     1 |     1 |       ||     2
 Stab: Sleeping          |     1 |     4 |     3 ||     8
       Distracted        |       |       |     2 ||     2
       Confused          |       |       |     2 ||     2
